cohdb
Replays
Latest Replays
All Replays
Popular Replays
Top Player Replays
Match Explorer
How It Works
Community
CoH3 Stats
Reddit
Sign in to upload your games and track your stats! →
Sign in with Steam
Match 38894790
Unlisted
Match 38894790
Overview
Messages
Build Orders
End
Vickers Machine Gun Team
Construct Section Command Post
Infantry Section
Infantry Section
Infantry Section
Royal Engineer Section
Construct Platoon Command Post
Construct Field Infirmary
Selects Air and Sea Battlegroup
Selects Supply Surplus
Construct Resource Cache
Construct Company Command Post
Selects Centaur Medium Tank
Centaur Medium Tank
Unlock M3 Grant Medium Tanks
M3 Grant Medium Tank
Armored Vehicle Training
Grenade Package
M3 Grant Medium Tank
M3 Grant Medium Tank
Selects Commando Section Paradrop
Selects M1 Pack Howitzer Paradrop
Matilda II Heavy Tank
Selects Incendiary Bombing Run
Matilda II Heavy Tank
Royal Engineer Section
Incendiary Bombing Run
Selects Naval Bombardment
M3 Grant Medium Tank
M3 Grant Medium Tank
M3 Grant Medium Tank
Naval Bombardment
M3 Grant Medium Tank
Incendiary Bombing Run
只愛❤毛妹
Jeiseun
0
0
Comments
sign in to comment!
No comments posted yet!